 Dungeon Crawl Stone Soup version 0.29-a0-512-gf59ac788ac (webtiles) character file.

Game seed: 16634628736370794121

348 spaghetti the Ogre Mage (level 6, 0/53 HPs)
             Began as an Ogre Fire Elementalist on May 29, 2022.
             Slain by Crazy Yiuf
             ... wielding a +4 quarterstaff of chaos
              (11 damage)
             ... on level 4 of the Dungeon.
             The game lasted 00:05:34 (4218 turns).

spaghetti the Ogre Mage (Ogre Fire Elementalist)    Turns: 4218, Time: 00:05:35

Health: 0/53       AC:  3    Str: 13    XL:     6   Next: 60%
Magic:  8/16       EV:  9    Int: 18    God:
Gold:   242        SH:  0    Dex:  9    Spells: 19/20 levels left

rFire   . . .      SeeInvis .   b - +0 dagger (venom) {short}
rCold   . . .      Faith    +   (no shield)
rNeg    . . .      Spirit   .   a - +0 robe
rPois   .          Reflect  .   (helmet restricted)
rElec   .          Harm     .   (no cloak)
rCorr   .          Rampage  .   (gloves unavailable)
Will    .....                   (boots unavailable)
Stlth   +.........              q - amulet of faith {!P}
HPRegen 0.17/turn               (no ring)
MPRegen 0.15/turn               (no ring)

@: hasted, very quick
A: large, unfitting armour, tough skin 1
a: no special abilities


You were on level 4 of the Dungeon.
You visited 1 branch of the dungeon, and saw 4 of its levels.

You collected 242 gold pieces.


Innate Abilities, Weirdness & Mutations

You are too large for most types of armour.
You have tough skin. (AC +1)


   Skills:
 - Level 1.7 Dodging
 - Level 1.4 Stealth
 + Level 7.5 Spellcasting
 - Level 0.8 Conjurations
 - Level 2.6 Fire Magic


You had 19 spell levels left.
You knew the following spells:

 Your Spells              Type           Power      Damage    Failure   Level
a - Foxfire               Conj/Fire      52%        2x1d6     4%          1

Your spell library contained the following spells:

 Spells                   Type           Power      Damage    Failure   Level
 Scorch                   Fire           32%        2d6       4%          2
 Static Discharge         Conj/Air       8%         N/A       13%         2
 Conjure Flame            Conj/Fire      13%        6-21      14%         3
 Blink                    Tloc           12%        N/A       16%         2
 Inner Flame              Hex/Fire       11%        N/A       19%         3
 Lesser Beckoning         Tloc           6%         N/A       30%         3
 Flame Wave               Conj/Fire      13%        2d6       43%         4
 Sticky Flame             Conj/Fire      13%        2d4       43%         4
 Corpse Rot               Necr/Pois/Air  6%         N/A       71%         4
 Dispel Undead            Necr           6%         3d8       71%         4
 Manifold Assault         Tloc           6%         N/A       96%         5
 Death Channel            Necr           3%         N/A       100%        6

Inventory:

Hand Weapons
 b - a +0 dagger of venom (weapon) {short}
   (You took it off a goblin on level 1 of the Dungeon)
Missiles
 e - 177 stones {throwing}
 g - 4 javelins {throwing}
 m - 3 large rocks {=fthrowing}
Armour
 a - a +0 robe (worn)
Jewellery
 q - an amulet of faith (around neck) {!P}
   (You found it on level 3 of the Dungeon)
Wands
 t - a wand of polymorph (2)
   (You found it on level 4 of the Dungeon)
Scrolls
 d - 4 scrolls of teleportation {unknown}
 i - 4 scrolls of identify {unknown}
 j - 4 scrolls of enchant armour {unknown}
 l - a scroll of blinking {unknown}
 n - 2 scrolls of magic mapping {unknown}
 o - a scroll of fear {unknown}
 p - a scroll of enchant weapon {unknown}
 s - a scroll of noise {unknown}
Potions
 c - 2 potions of flight {unknown}
 f - 2 potions of heal wounds {unknown}
 k - 2 potions of curing {@q1}
 r - a potion of brilliance {unknown}

Dungeon Overview and Level Annotations

Branches:
Dungeon (4/15)             Temple (0/1) D:4

Altars:

Shops:
D:1 =   D:3 (([

Annotations:
D:4 Crazy Yiuf

#...... #..####
##..#### #.......
##..###. ♣♣♣♣♣###..#
#. #### ♣♣♣.♣...##..#
#.
#...#♣..♣........###.
#..g@.♣♣♣♣)..........
#)..#♣♣ ♣♣..#.#####.
#### ♣♣#### #. #.
#######.
###########.......
#.##..............
#.#...........###.
#.#.......###.# #.


You could see Crazy Yiuf (very poisoned).


Message History

You feel a bit more experienced. 😨 MP[+1] Key pressed, stopping explore.
Key pressed, stopping explore.
Key pressed, stopping explore.
Things that are here:
a +0 dagger {short}; a +0 robe; 😎 HP[+30] MP[+15]
Your hp is fully restored (53).
Your mp is fully restored (16).
Things that are here:
a +0 club {mace}; a +0 leather armour; an orc corpse You now have 235 gold pieces (gained 10).
Found a stone staircase leading up.
An endoplasm comes into view.
An endoplasm is nearby!
Casting: Foxfire (safe; 4% risk of failure)
Confirm with . or Enter, or press ? or * to list all spells.
You conjure some foxfire! 😎 MP[-1]
You lost 1 mp, and now have 15/16 mp.
The foxfire hits the endoplasm.
The endoplasm quivers.
The foxfire hits the endoplasm.
You kill the endoplasm!
t - a wand of polymorph (2) 😎 MP[+1]
Your mp is fully restored (16).
There is a stone staircase leading up here.
There is a stone staircase leading up here.
Key pressed, stopping explore.
Found a stone staircase leading up.
You now have 242 gold pieces (gained 7).
e - 177 stones {throwing} (gained 11)
Found a stone staircase leading down.
A goblin comes into view. It is wielding a +0 club.
A goblin is nearby!
A goblin is nearby!
A goblin is nearby!
Casting: Foxfire (safe; 4% risk of failure)
Confirm with . or Enter, or press ? or * to list all spells.
You conjure some foxfire!
The goblin shouts! 😎 MP[-1]
You lost 1 mp, and now have 15/16 mp.
Casting: Foxfire (safe; 4% risk of failure)
Confirm with . or Enter, or press ? or * to list all spells.
You conjure some foxfire! 😎 MP[-1]
You lost 1 mp, and now have 14/16 mp.
The foxfire hits the goblin. x2
You kill the goblin!
Things that are here:
a +0 club {mace}; a +0 hunting sling {sling}; a goblin corpse 😎 MP[+2]
Your mp is fully restored (16).
There is a stone staircase leading down here.
f - 2 smoky black potions (gained 1) Key pressed, stopping explore.
Key pressed, stopping explore.
Crazy Yiuf shouts!
Found a staircase to the Ecumenical Temple.
Unknown command.
There is an open door here.
You open the door.
There is an open door here.
Key pressed, stopping explore.
Key pressed, stopping explore.
Key pressed, stopping explore.
There is a stone staircase leading down here.
There is a stone staircase leading up here.
You see here a +0 club {mace}.
Things that are here:
a +0 flail {mace}; a +0 mace {mace}; a +0 scale mail Could not explore, unopened runed door.
You open the door.
There is an open translucent door here.
You closely miss Crazy Yiuf.
Crazy Yiuf hits you with a +4 quarterstaff of chaos! 😕 HP[-8]
You take 8 damage, and now have 45/53 hp.
You hit Crazy Yiuf but do no damage.
Crazy Yiuf is poisoned.
Crazy Yiuf closely misses you.
You barely miss Crazy Yiuf.
Crazy Yiuf hits you with a +4 quarterstaff of chaos!
You resist with some effort. 😮 HP[-14]
You take 14 damage, and now have 31/53 hp.
MASSIVE DAMAGE!! (PAUSE)
You hit Crazy Yiuf.
Crazy Yiuf looks even sicker.
Crazy Yiuf hits you with a +4 quarterstaff of chaos!
* * * LOW HITPOINT WARNING * * *
You feel your power leaking away. 😨 HP[-10] MP[-8]
You take 10 damage, and now have 21/53 hp.
You lost 8 mp, and now have 8/16 mp.
Unknown command.
It was a potion of haste.
You feel yourself speed up.
Crazy Yiuf hits you with a +4 quarterstaff of chaos!
* * * LOW HITPOINT WARNING * * *
You are electrocuted!
You die...

Skill      XL: |  1  2  3  4  5 |
---------------+----------------+-----
Spellcasting   | 3 4 5 7 |  7.5
Dodging        | |  1.7
Stealth        | |  1.4
Conjurations   | |  0.8
Fire Magic     | |  2.6

Action                   |  1- 3 |  4- 6 || total
-------------------------+-------+-------++-------
Melee: Unarmed           |     1 |       ||     1
       Dagger            |       |    21 ||    21
 Cast: Foxfire           |    79 |   111 ||   190
  Use: Potion            |     2 |     1 ||     3
Armor: Robe              |     1 |    22 ||    23
Dodge: Dodged            |     9 |    22 ||    31

Levels and vault maps discovered:
D:1:      psy_arrival_whirlpool, layout_rooms, serial_shops,
          nicolae_shop_waterfront, minmay_pentomino_q2
D:2:      minmay_spotlight, layout_loops_ring, chequers_hall_statues_corner_a,
          roderic_lattice_a, chequers_garden
D:3:      layout_loops_cross, serial_shops, shop,
          nicolae_shop_bloodbath_and_beyond, shop, roderic_batcave,
          minmay_circle_x
D:4:      layout_loops_ring, minmay_temple_entry_glassed_door,
          uniq_crazy_yiuf_cottage

Notes
Turn   | Place    | Note
-------+----------+-------------------------------------------
     0 | D:1      | spaghetti the Ogre Fire Elementalist began the quest for
                  | the Orb.
     0 | D:1      | Reached XP level 1. HP: 16/16 MP: 3/3
     0 | D:1      | magus.rc [v1.9.6]
   120 | D:1      | Found Uru Hom's Jewellery Emporium.
   179 | D:1      | Reached skill level 3 in Spellcasting
   207 | D:1      | Reached XP level 2. HP: 24/24 MP: 1/6
   645 | D:1      | Reached XP level 3. HP: 31/31 MP: 4/8
   647 | D:1      | Reached skill level 4 in Spellcasting
  1053 | D:2      | You pick up a book of Touch and begin reading...
  1053 | D:2      | You add the spells Static Discharge, Sticky Flame and
                  | Dispel Undead to your library.
  1257 | D:2      | Reached XP level 4. HP: 32/39 MP: 0/10
  1501 | D:2      | Reached skill level 5 in Spellcasting
  2115 | D:3      | Found Atoics's Weapon Boutique.
  2259 | D:3      | Reached XP level 5. HP: 45/45 MP: 9/13
  2433 | D:3      | Found Tuner's Armour Boutique.
  2448 | D:3      | Reached skill level 6 in Spellcasting
  3029 | D:3      | You pick up a book of Spatial Translocations and begin
                  | reading...
  3029 | D:3      | You add the spells Blink, Lesser Beckoning and Manifold
                  | Assault to your library.
  3031 | D:3      | Found Egyba Beirr's Antique Weapon Emporium.
  3052 | D:3      | Noticed a water moccasin
  3058 | D:3      | Killed a water moccasin
  3059 | D:3      | Reached skill level 7 in Spellcasting
  3059 | D:3      | Reached XP level 6. HP: 53/53 MP: 9/16
  3374 | D:4      | You pick up a book of Decay and begin reading...
  3374 | D:4      | You add the spells Corpse Rot and Death Channel to your
                  | library.
  3947 | D:4      | Found a runed translucent door.
  3948 | D:4      | Noticed Crazy Yiuf
  4017 | D:4      | Found a staircase to the Ecumenical Temple.
  4218 | D:4      | HP: 11/53 [Crazy Yiuf/+4 quarterstaff of chaos (10)]
  4218 | D:4      | Slain by Crazy Yiuf

Vanquished Creatures
  A water moccasin (D:3)
  A vampire bat (D:3)
  An orc priest (D:4)
  An orc wizard (D:4)
  4 gnolls (D:3)
  4 adders (D:2)
  5 orcs
  5 ball pythons
  4 endoplasms
  7 giant cockroaches
  12 goblins
  4 hobgoblins
  7 jackals
  2 quokkas
  9 bats
  3 frilled lizards
  4 kobolds
  4 rats
78 creatures vanquished.

Vanquished Creatures (others)
  295 foxfires
295 creatures vanquished.

Grand Total: 373 creatures vanquished

Table legend:
 A = Non-vault XP
 B = Vault XP
 C = Vault XP percentage of total XP
 D = Non-vault monster count
 E = Vault monster count
 F = Vault count percentage of total count
                 A         B        C        D         E       F
            +---------+---------+-------+---------+---------+-------
      Total |     401 |      97 |  19.5 |      59 |      19 |  24.4
            +---------+---------+-------+---------+---------+-------
        D:1 |      35 |       4 |  10.3 |      20 |       2 |   9.1
        D:2 |      60 |      20 |  25.0 |      14 |       5 |  26.3
        D:3 |     209 |      73 |  25.9 |      14 |      12 |  46.2
        D:4 |      97 |       0 |   0.0 |      11 |       0 |   0.0
            +---------+---------+-------+---------+---------+-------

Illustrated notes

Table legend:
 A = Kills in this place as a percentage of kills in entire the game.
 B = Kills by you in this place as a percentage of kills by you in the entire game.
 C = Kills by friends in this place as a percentage of kills by friends in the entire game.
 D = Other kills in this place as a percentage of other kills in the entire game.
 E = Experience gained in this place as a percentage of experience gained in the entire game.
 F = Experience gained in this place divided by the number of levels of this place that you have seen.
                   A       B       C       D       E      F
               +-------+-------+-------+-------+-------+----------------------
         Total | 100.0 | 100.0 |   N/A |   N/A | 100.0 | 124.5
       Dungeon | 100.0 | 100.0 |   N/A |   N/A | 100.0 | 124.5
               +-------+-------+-------+-------+-------+----------------------

Table legend: (Time is in decaauts)
 A = Elapsed time spent in this place.
 B = Non-inter-level travel time spent in this place.
 C = Inter-level travel time spent in this place.
 D = Time resting spent in this place.
 E = Time spent auto-exploring this place.
 F = Levels seen in this place.
 G = Mean time per level.
                   A        B        C        D        E       F      G
               +--------+--------+--------+--------+--------+-----+--------+
         Total |   4217 |   4146 |     71 |    151 |   3552 |   4 | 1054.2 |
       Dungeon |   4217 |   4146 |     71 |    151 |   3552 |   4 | 1054.2 |
               +--------+--------+--------+--------+--------+-----+--------+

Top non-repeatable levels by time:
     D:2: 1200 daAuts
     D:3: 1111 daAuts
     D:4: 1013 daAuts
     D:1: 891 daAuts
